 Dungeon Crawl Stone Soup version 0.22.1-1-ga44c0e56f4 (webtiles) character file.

429 Kaderl the Chopper (level 7, -4/53 HPs)
             Began as a Human Fighter on Sept 22, 2018.
             Slain by a sky beast (5 damage)
             ... on level 4 of the Dungeon.
             The game lasted 00:14:05 (3324 turns).

Kaderl the Chopper (Human Fighter)                  Turns: 3324, Time: 00:14:06

Health: -4/53      AC: 11    Str: 17 (18) XL:     7   Next: 19%
Magic:  7/7        EV: 10    Int:  7 (9)  God:
Gold:   158        SH: 10    Dex: 14 (17) Spells: 6/6 levels left

rFire    + . .     SeeInvis .   a - +0 war axe
rCold    + + .     Gourm    .   c - +1 shield
rNeg     . . .     Faith    .   m - +0 chain mail
rPois    .         Spirit   .   n - +1 helmet
rElec    .         Reflect  .   q - scarf {rC+ rF+}
rCorr    .         Harm     .   (no gloves)
MR       .....                  (no boots)
Stlth    ..........             (no amulet)
HPRegen  0.17/turn              v - ring of protection from cold
MPRegen  0.10/turn              (no ring)

@: agile
A: no striking features
a: no special abilities


You were on level 4 of the Dungeon.
You were not hungry.

You visited 1 branch of the dungeon, and saw 5 of its levels.

You collected 158 gold pieces.

Inventory:

Hand Weapons
 a - a +0 war axe (weapon)
Armour
 c - a +1 shield (worn)
 m - a +0 chain mail (worn)
 n - a +1 helmet (worn)
 q - a scarf of resistance (worn)
Jewellery
 p - an uncursed amulet of the acrobat {unknown}
 v - a ring of protection from cold (left hand)
Wands
 b - a wand of paralysis (1)
 t - a wand of random effects (11)
Scrolls
 d - 3 scrolls of enchant armour
 h - a scroll of fog
 i - 4 scrolls of remove curse
Potions
 j - a potion of flight
Comestibles
 f - 3 rations


   Skills:
 + Level 3.9 Fighting
 + Level 5.0 Axes
 + Level 4.0 Armour
 + Level 1.2 Dodging
 + Level 4.2 Shields
 + Level 0.1 Evocations


You had 6 spell levels left.
You didn't know any spells.
Your spell library was empty.

Dungeon Overview and Level Annotations

Branches:
Dungeon (5/15)
 Temple: D:4-7

Altars:
Ashenzari
Cheibriados
Hepliaklqana
Xom

Annotations:
D:4 2 transporters, Dowan, Duvessa
D:5 Prince Ribbit


Message History

You block something's attack.
You barely miss something. Something hits you but does no damage.
You miss something.
Something hits you but does no damage. x2
Your chain mail prevents you from hitting something.
Something hits you but does no damage.
You miss something. Something hits you but does no damage.
You barely miss something.
You float gracefully downwards.
Something hits you but does no damage. You block something's attack.
You miss something. Something completely misses you.
You hit something. Something hits you but does no damage.
Your shield prevents you from hitting something.
Something hits you but does no damage.
You barely miss something. Something hits you.
* * * LOW HITPOINT WARNING * * *
Something shocks you.
* * * LOW HITPOINT WARNING * * *
Something hits you.
* * * LOW HITPOINT WARNING * * *
Something shocks you.
You die...

#.#.w8#..........##.##....#.#
...#($#.#........##.##..###.#
..../$#..........##.##(.....#
....$_#©.........##.##.######
....[)#..........##.##.#<#
...#!$#.#........##.##(#.#
#.#..8#.###..######....#.#
.©!..##.# ##.########..#.#
######..# #>..{@.÷....#.#
.......## ###########.#.#####
######## #.#.....# #.###.###
#.###.### #.......# #########


There were no monsters in sight!

Vanquished Creatures
  An ice beast (D:5)
  A hound (D:4)
  A gnoll shaman (D:4)
  2 orc wizards (D:4)
  A hound skeleton (D:4)
  Robin (D:3)
  5 adders
  3 gnolls (D:4)
  2 oozes (D:4)
  An adder skeleton (D:4)
  3 worms
  A dart slug (D:4)
  2 leopard geckos (D:4)
  3 orcs
  3 giant cockroaches
  18 goblins
  12 hobgoblins
  9 kobolds
  2 quokkas
  4 ball pythons
  13 bats
  4 frilled lizards
  A jackal skeleton (D:4)
  10 rats
103 creatures vanquished.

Notes
Turn   | Place    | Note
-------+----------+-------------------------------------------
     0 | D:1      | Kaderl the Human Fighter began the quest for the Orb.
     0 | D:1      | Reached XP level 1. HP: 18/18 MP: 1/1
    23 | D:1      | Reached XP level 2. HP: 17/24 MP: 2/2
   357 | D:1      | Reached XP level 3. HP: 29/29 MP: 3/3
   901 | D:2      | Reached XP level 4. HP: 35/35 MP: 4/4
   920 | D:2      | Reached skill level 3 in Axes
   976 | D:2      | Found a shattered altar of Ashenzari.
  1152 | D:3      | Noticed Robin
  1396 | D:3      | Killed Robin
  1466 | D:3      | Reached XP level 5. HP: 37/41 MP: 5/5
  1495 | D:3      | Found a shimmering altar of Xom.
  2052 | D:4      | Found a hazy altar of Hepliaklqana.
  2056 | D:4      | Noticed a big kobold
  2056 | D:4      | Noticed a bullfrog
  2058 | D:4      | Found a transporter.
  2067 | D:4      | Found a transporter.
  2240 | D:4      | Found a snail-covered altar of Cheibriados.
  2316 | D:4      | Reached skill level 4 in Axes
  2353 | D:4      | Reached skill level 1 in Dodging
  2353 | D:4      | Reached XP level 6. HP: 29/48 MP: 6/6
  2374 | D:4      | Noticed Duvessa
  2376 | D:4      | Noticed Dowan
  2821 | D:5      | Entered Level 5 of the Dungeon
  2841 | D:5      | Noticed Prince Ribbit
  2855 | D:5      | HP: 2/48 [Prince Ribbit (14)]
  3237 | D:5      | Noticed an ice beast
  3251 | D:5      | Killed an ice beast
  3251 | D:5      | Reached skill level 5 in Axes
  3251 | D:5      | Reached XP level 7. HP: 52/53 MP: 7/7
  3301 | D:5      | HP: 2/53 [poisoned by an adder]
  3306 | D:4      | HP: 1/53 [poisoned by an adder]
  3324 | D:4      | HP: 2/53 [something (5)]
  3324 | D:4      | Slain by a sky beast

Skill      XL: |  1  2  3  4  5  6 |
---------------+-------------------+-----
Axes           | 3 4 5 |  5.0
Dodging        | 1 |  1.2
Shields        | 4 |  4.2
Armour         | 4 |  4.0
Fighting       | |  3.9
Evocations     | |  0.1

Action                   |  1- 3 |  4- 6 |  7- 9 || total
-------------------------+-------+-------+-------++-------
Melee: War axe           |   112 |   237 |    18 ||   367
Evoke: Wand              |       |     5 |     1 ||     6
  Use: Scroll            |     1 |    13 |     1 ||    15
       Potion            |       |     4 |     5 ||     9
  Eat: Ration            |       |     3 |       ||     3
Armor: Scale mail        |    64 |    61 |       ||   125
       Chain mail        |       |   120 |    28 ||   148
Dodge: Dodged            |    35 |    82 |     7 ||   124
Block: Shield            |    60 |   188 |    14 ||   262
